 Dungeon Crawl Stone Soup version 0.27-a0-1299-g1ab19c6527 (webtiles) character file.

Game seed: 7124855040039304172

170 AcesWolf the Changer (level 5, -1/43 HPs)
             Began as a Gnoll Wanderer on June 16, 2021.
             Was a Priest of Vehumet.
             Slain by a black bear (7 damage)
             ... on level 4 of the Dungeon.
             The game lasted 00:17:34 (5038 turns).

AcesWolf the Changer (Gnoll Wanderer)               Turns: 5038, Time: 00:17:34

Health: -1/43      AC: 17    Str: 11    XL:     5   Next: 51%
Magic:  7/7        EV:  2    Int: 12    God:    Vehumet [***...]
Gold:   69         SH:  0    Dex: 12    Spells: 3/7 levels left

rFire    . . .     SeeInvis .   f - +0 short sword (protect)
rCold    . . .     Faith    +   (no shield)
rNeg     . . .     Spirit   .   m - +0 plate armour
rPois    .         Reflect  .   o - +0 hat
rElec    .         Harm     .   (no cloak)
rCorr    .         Rampage  .   (no gloves)
Will     .....                  (no boots)
Stlth    ..........             j - amulet of faith
HPRegen  0.14/turn              (no ring)
MPRegen  0.10/turn              (no ring)

@: brilliant, under a protective aura, attractive
A: fangs 1, strong nose, distributed training
a: Renounce Religion


You were on level 4 of the Dungeon.
You worshipped Vehumet.
Vehumet was most pleased with you.
You visited 1 branch of the dungeon, and saw 4 of its levels.

You collected 173 gold pieces.
You spent 104 gold pieces at shops.

Inventory:

Hand Weapons
 f - a +0 short sword of protection (weapon)
Armour
 m - a +0 plate armour (worn)
 o - a +0 hat (worn)
Jewellery
 j - an amulet of faith (around neck)
Wands
 b - a wand of digging (5)
Scrolls
 a - a scroll of enchant armour {unknown}
 c - 2 scrolls of identify {unknown}
 h - a scroll of amnesia {unknown}
 i - 5 scrolls of teleportation {unknown}
 l - a scroll of noise {unknown}
 n - a scroll of vulnerability {unknown}
Potions
 k - 2 potions of cancellation {unknown}


   Skills:
 + Level 4.8 Fighting
 + Level 4.8 Short Blades
 + Level 1.5 Long Blades
 + Level 1.5 Axes
 + Level 1.5 Maces & Flails
 + Level 1.5 Polearms
 + Level 1.5 Staves
 + Level 1.5 Slings
 + Level 1.5 Bows
 + Level 1.5 Crossbows
 + Level 1.5 Throwing
 + Level 1.5 Armour
 + Level 1.5 Dodging
 + Level 2.8 Stealth
 + Level 3.0 Shields
 + Level 1.5 Unarmed Combat
 + Level 1.5 Spellcasting
 + Level 1.2 Conjurations
 + Level 1.2 Hexes
 + Level 1.2 Summonings
 + Level 1.2 Necromancy
 + Level 1.2 Translocations
 + Level 5.5 Transmutations
 + Level 1.2 Fire Magic
 + Level 1.2 Ice Magic
 + Level 1.2 Air Magic
 + Level 1.2 Earth Magic
 + Level 1.2 Poison Magic
 + Level 1.7 Invocations
 + Level 3.0 Evocations


You had 3 spell levels left.
You knew the following spells:

 Your Spells              Type           Power      Damage    Failure   Level
a - Shock                 Conj/Air       20%        1d4       100%        1
b - Mephitic Cloud        Conj/Pois/Air  5%         N/A       100%        3

Your spell library contained the following spells:

 Spells                   Type           Power      Damage    Failure   Level
 Corona                   Hex            5%         N/A       100%        1
 Sandblast                Erth           10%        2d5       100%        1
 Summon Small Mammal      Summ           20%        N/A       100%        1
 Passwall                 Tmut/Erth      10%        N/A       100%        2
 Call Canine Familiar     Summ           5%         N/A       100%        3
 Confusing Touch          Hex            5%         N/A       100%        3
 Dazzling Flash           Conj/Hex       10%        N/A       100%        3
 Gell's Gravitas          Tloc           2%         N/A       100%        3
 Stone Arrow              Conj/Erth      10%        3d7       100%        3
 Petrify                  Tmut/Erth      13%        N/A       100%        4
 Lee's Rapid Deconstruct  Erth           2%         3d6*      100%        5
 Metabolic Englaciation   Hex/Ice        2%         N/A       100%        5
 Yara's Violent Unravell  Hex/Tmut       6%         3d5       100%        5


Dungeon Overview and Level Annotations

Branches:
Dungeon (4/15)
 Temple: D:4-7

Altars:
Makhleb
Okawaru
Qazlal
Uskayaw
Vehumet

Shops:
D:4 *


Innate Abilities, Weirdness & Mutations

You have very sharp teeth.
Your uncanny sense of smell can sniff out nearby items.
Your experience applies equally to all skills.


Message History

The black bear is heavily wounded.
The black bear bites you but does no damage.
The black bear claws you but does no damage. x2
You hit the black bear.
You bite the black bear, but do no damage.
The black bear is heavily wounded.
The black bear bites you but does no damage.
The black bear barely misses you.
The black bear claws you but does no damage.
You hit the black bear but do no damage.
The black bear is heavily wounded.
The black bear bites you but does no damage.
The black bear claws you but does no damage. x2
Your plate armour prevents you from hitting the black bear.
You bite the black bear, but do no damage.
The black bear is heavily wounded.
You closely miss the black bear.
You bite the black bear, but do no damage.
The black bear is heavily wounded.
The black bear bites you but does no damage.
The black bear claws you but does no damage. x2
You hit the black bear.
The black bear is severely wounded.
The black bear bites you.
* * * LOW HITPOINT WARNING * * *
The black bear claws you but does no damage.
The black bear claws you.
* * * LOW HITPOINT WARNING * * *
You hit the black bear.
The black bear is severely wounded.
The black bear goes berserk!
You closely miss the black bear.
The black bear is severely wounded.
The black bear bites you but does no damage.
The black bear claws you but does no damage. x2
You closely miss the black bear.
You bite the black bear, but do no damage.
The black bear is severely wounded.
The black bear bites you!
You die...

#### ### #..# #####
###.# #8.# #...###
##..## #..# ##....###
###..##
#∩.####..##.h.###
##..###
#.......#####@..####..##
####<###.h## ###...#..##
#....##.l## ###...##
..l.8#..## ##.##
.......## #.# ......##
#.## ......# #####..#
.....## ###......#####
....## .........#...##


You could see a black bear (berserk).

Vanquished Creatures
  An iguana (D:4)
  5 adders
  An ufetubus (D:4)
  2 dart slugs (D:3)
  A worm (D:2)
  3 orcs
  6 ball pythons
  9 bats
  3 endoplasms
  5 giant cockroaches
  6 goblins
  9 hobgoblins
  8 jackals
  9 kobolds
  2 quokkas
  4 frilled lizards
  7 rats
81 creatures vanquished.

Notes
Turn   | Place    | Note
-------+----------+-------------------------------------------
     0 | D:1      | AcesWolf the Gnoll Wanderer began the quest for the Orb.
     0 | D:1      | AcesWolf set off with the following items: a +0 dagger, a
                  | +0 robe; and the following spells available to memorise:
                  | Passwall, Corona, Sandblast, Summon Small Mammal, Call
                  | Canine Familiar, Dazzling Flash, Stone Arrow, Petrify,
                  | Lee's Rapid Deconstruction
     0 | D:1      | Reached XP level 1. HP: 20/20 MP: 1/1
   369 | D:1      | Reached XP level 2. HP: 24/26 MP: 2/2
   723 | D:1      | Found a faded altar of an unknown god.
   726 | D:1      | Became a worshipper of Vehumet
   726 | D:1      | Reached * piety under Vehumet
   726 | D:1      | Offered knowledge of Shock by Vehumet.
   835 | D:1      | Learned a level 1 spell: Shock
  1400 | D:1      | Reached XP level 3. HP: 27/31 MP: 0/3
  1476 | D:1      | You fall into a shaft and drop 1 floor!
  1813 | D:2      | Reached skill level 1 in Invocations
  2044 | D:2      | Found a burning altar of Makhleb.
  2065 | D:2      | Reached skill level 1 in Long Blades
  2065 | D:2      | Reached skill level 1 in Axes
  2065 | D:2      | Reached skill level 1 in Maces & Flails
  2065 | D:2      | Reached skill level 1 in Polearms
  2065 | D:2      | Reached skill level 1 in Staves
  2065 | D:2      | Reached skill level 1 in Slings
  2065 | D:2      | Reached skill level 1 in Bows
  2065 | D:2      | Reached skill level 1 in Crossbows
  2065 | D:2      | Reached skill level 1 in Throwing
  2065 | D:2      | Reached skill level 1 in Armour
  2065 | D:2      | Reached skill level 1 in Dodging
  2065 | D:2      | Reached skill level 1 in Unarmed Combat
  2065 | D:2      | Reached skill level 1 in Spellcasting
  2545 | D:2      | Offered knowledge of Freeze by Vehumet.
  2553 | D:2      | Reached ** piety under Vehumet
  2554 | D:2      | Reached XP level 4. HP: 32/38 MP: 1/5
  3450 | D:3      | Reached skill level 1 in Conjurations
  3450 | D:3      | Reached skill level 1 in Hexes
  3450 | D:3      | Reached skill level 1 in Summonings
  3450 | D:3      | Reached skill level 1 in Necromancy
  3450 | D:3      | Reached skill level 1 in Translocations
  3450 | D:3      | Reached skill level 1 in Fire Magic
  3450 | D:3      | Reached skill level 1 in Ice Magic
  3450 | D:3      | Reached skill level 1 in Air Magic
  3450 | D:3      | Reached skill level 1 in Earth Magic
  3450 | D:3      | Reached skill level 1 in Poison Magic
  3709 | D:3      | Found an iron altar of Okawaru.
  3727 | D:3      | Upgraded the game from 0.27-a0-1291-geefcff550b to
                  | 0.27-a0-1299-g1ab19c6527
  3874 | D:3      | Offered knowledge of Mephitic Cloud by Vehumet.
  3879 | D:3      | Learned a level 3 spell: Mephitic Cloud
  4335 | D:4      | Found a stormy altar of Qazlal.
  4555 | D:4      | Reached XP level 5. HP: 38/43 MP: 4/6
  4592 | D:4      | Found a hide-covered altar of Uskayaw.
  4614 | D:4      | Reached *** piety under Vehumet
  4948 | D:4      | Found Xemywk's Assorted Antiques.
  4955 | D:4      | Bought a hat for 104 gold pieces
  4968 | D:4      | Noticed a black bear
  5038 | D:4      | Slain by a black bear

Illustrated notes

Levels and vault maps discovered:
D:1:      wander_arrival_fairy_ring, layout_loops_corners,
          shapermc_ecumenical_altar_mp_urbaneastern, minmay_cut_off
D:2:      layout_basic, basic_altar
D:3:      layout_basic, okawaru_trees_2, grunt_ministairs_13
D:4:      layout_cave_pods, overflow_temple_1_default,
          overflow_temple_1_default, fedhas_altar_3, serial_shops, shop_statue

Skill      XL: |  1  2  3  4  5 |
---------------+----------------+-----
Invocations    | 1 |  1.7
Long Blades    | 1 |  1.5
Axes           | 1 |  1.5
Maces & Flails | 1 |  1.5
Polearms       | 1 |  1.5
Staves         | 1 |  1.5
Slings         | 1 |  1.5
Bows           | 1 |  1.5
Crossbows      | 1 |  1.5
Throwing       | 1 |  1.5
Armour         | 1 |  1.5
Dodging        | 1 |  1.5
Unarmed Combat | 1 |  1.5
Spellcasting   | 1 |  1.5
Conjurations   | 1 |  1.2
Hexes          | 1 |  1.2
Summonings     | 1 |  1.2
Necromancy     | 1 |  1.2
Translocations | 1 |  1.2
Fire Magic     | 1 |  1.2
Ice Magic      | 1 |  1.2
Air Magic      | 1 |  1.2
Earth Magic    | 1 |  1.2
Poison Magic   | 1 |  1.2
Shields        | 3 |  3.0
Evocations     | 3 |  3.0
Fighting       | |  4.8
Short Blades   | |  4.8
Stealth        | |  2.8
Transmutations | |  5.5

Action                   |  1- 3 |  4- 6 || total
-------------------------+-------+-------++-------
Melee: Dagger            |    37 |       ||    37
       Bite              |     9 |    19 ||    28
       Hand axe          |    29 |       ||    29
       Mace              |     9 |       ||     9
       Short sword       |    43 |   161 ||   204
       Punch             |       |     1 ||     1
 Cast: Shock             |    43 |    71 ||   114
  Use: Potion            |       |     4 ||     4
 Stab: Sleeping          |     1 |       ||     1
Armor: Robe              |    21 |    20 ||    41
       Plate armour      |       |   158 ||   158
Dodge: Dodged            |    56 |    48 ||   104

Table legend: (Time is in decaauts)
 A = Elapsed time spent in this place.
 B = Non-inter-level travel time spent in this place.
 C = Inter-level travel time spent in this place.
 D = Time resting spent in this place.
 E = Time spent auto-exploring this place.
 F = Levels seen in this place.
 G = Mean time per level.
                   A        B        C        D        E       F      G
               +--------+--------+--------+--------+--------+-----+--------+
         Total |   5009 |   4797 |    212 |    380 |   3768 |   4 | 1252.2 |
       Dungeon |   5009 |   4797 |    212 |    380 |   3768 |   4 | 1252.2 |
               +--------+--------+--------+--------+--------+-----+--------+

Top non-repeatable levels by time:
     D:2: 1612 daAuts
     D:1: 1474 daAuts
     D:3: 1236 daAuts
     D:4: 686 daAuts
